AoeStats
← Justus Jonas

Arabia

510345001Analyzed
2v2 RM · 2d ago on Sep 30, 2026· 37m 54s· 4 players
Game mode
Random Map
Map size
Medium (4 player)
Population
200
Speed
Normal
Resources
Standard
Victory
Conquest
Starting age
Dark Age
Ending age
Imperial Age
RankedLock teamsTeams togetherTeam positionsShared explorationLock speedFull tech treeHidden civsTurbo modeCheats
Victory
Defeat
🇨🇿 Berbers · Czechia
1081
+12
🇨🇿 Bulgarians · Czechia
1046
+13
🇩🇪 Persians · Germany
1091
-16
🇩🇪 Cumans · Germany
881
-9
PersianAria95
11:20 Feudal Age
13:26 Horse Collar
13:36 Double-Bit Axe
17:56 Loom
Justus Jonas
6:14 Loom
8:37 Feudal Age
9:19 Double-Bit Axe
15:10 Scale Barding Armor
15:31 Man-at-Arms
19:41 Castle Age
18:38 Forging
19:33 Horse Collar
20:08 Bloodlines
21:09 Chain Barding Armor
35:09 Iron Casting
Deadshot
8:05 Loom
9:54 Feudal Age
15:43 Castle Age
15:05 Double-Bit Axe
22:46 Scale Barding Armor
31:05 Forging
33:05 Horse Collar
35:44 Wheelbarrow
36:06 Bow Saw
FRANK LAMBERT
3:54 Loom
11:46 Feudal Age
18:14 Forging
20:14 Castle Age
18:36 Horse Collar
20:02 Bloodlines
21:02 Double-Bit Axe
21:45 Husbandry
25:41 Town Watch
27:22 Wheelbarrow
28:50 Iron Casting
28:21 Scale Barding Armor
30:22 Pikeman
34:26 Chain Barding Armor
33:57 Fletching
Connection lost

Rejoining the realm…

Still unreachable

The connection could not be restored.

Session expired

The server has moved on; the page needs a fresh start.